 Dungeon Crawl Stone Soup version 0.30.0-29-ga12c61a403 (webtiles) character file.

Game seed: 12441782642739676013

8278 Ronove the Thaumaturge (level 11, 0/108 HPs)
             Began as a Demonspawn Earth Elementalist on June 9, 2023.
             Was a Priest of Dithmenos.
             Slain by a yak (7 damage)
             ... on level 10 of the Dungeon.
             The game lasted 00:24:26 (11011 turns).

Ronove the Thaumaturge (DsEE)                      Turns: 11011, Time: 00:24:27

Health: 0/108      AC: 12    Str: 11    XL:     11   Next: 7%
Magic:  29/29      EV: 10    Int: 16    God:    Dithmenos [***...]
Gold:   677        SH:  0    Dex: 19    Spells: 7/29 levels left

rFire   + . .        H - +9 flail of Poegivet {flame, *Rage rC+ Str+3}
rCold   + . .        (no shield)
rNeg    . . .        a - +3 scale mail {rF+}
rPois   .            g - +0 helmet
rElec   .            k - +0 cloak
rCorr   .            (no gloves)
SInv    .            (no boots)
Will    .....        r
                       - Hermit's Pendant {Faith Invo=14 Evo=0 MP+5} Stlth
                     (no ring)
HPRegen 0.38/turn    (no ring)
MPRegen 0.42/turn

%: random rage (20%), faith
@: mighty, berserking (expiring), wreathed by umbra, very quick
A: foul stench 2, magic regeneration, sharp scales 1, weakness stinger 1
a: Renounce Religion, Shadow Step


You were on level 10 of the Dungeon.
You worshipped Dithmenos.
Dithmenos was most pleased with you.
You visited 2 branches of the dungeon, and saw 11 of its levels.

You collected 677 gold pieces.

Inventory:

Hand Weapons
 n - a +2 dagger of pain
 H - the +9 flail of Poegivet (weapon) {flame, *Rage rC+ Str+3}
   (You found it on level 8 of the Dungeon)

   Str:       It affects your strength (+3).
   rC:        It protects you from cold.
   *Rage:     It berserks you when you make melee attacks (+20% chance).
Missiles
 m - 2 throwing nets
 I - a curare-tipped dart
Armour
 a - a +3 scale mail of fire resistance (worn)
 g - a +0 helmet (worn)
 k - a +0 cloak (worn)
 D - a +2 robe of willpower
Jewellery
 r - the Hermit's Pendant (around neck) {Faith Invo=14 Evo=0 MP+5}
   (You found it on level 6 of the Dungeon)

   [amulet of faith]

   Invo=14: It sets your Invocations skill to 14.
   Evo=0: It sets your Evocations skill to 0.
   It allows you to gain divine favour quickly.
   MP:        It affects your magic capacity (+5).
 t - an amulet of regeneration
 J - a ring of wizardry
Wands
 j - a wand of mindburst (5)
 v - a wand of polymorph (17)
 E - a wand of roots (3)
 G - a wand of quicksilver (12)
Scrolls
 c - 3 scrolls of immolation {unknown}
 d - 2 scrolls of noise {unknown}
 e - 2 scrolls of vulnerability {unknown}
 h - 3 scrolls of blinking {unknown}
 l - 9 scrolls of teleportation
 o - a scroll of butterflies {unknown}
 p - 2 scrolls of amnesia {unknown}
 q - a scroll of identify
 w - 2 scrolls of enchant armour {unknown}
 y - 3 scrolls of magic mapping
 A - a scroll of enchant weapon {unknown}
 B - a scroll of fog {unknown}
 F - a scroll of poison
Potions
 b - a potion of magic
 f - 7 potions of curing
 i - 2 potions of flight
 s - 2 potions of cancellation {unknown}
 u - 4 potions of mutation
 x - 2 potions of might
 z - a potion of ambrosia
 C - a potion of lignification {unknown}


   Skills:
 + Level 1.9 Fighting
 + Level 1.1 Short Blades
 + Level 0.4 Maces & Flails
 + Level 0.8 Armour
 + Level 4.0 Dodging
 + Level 4.6 Stealth
 + Level 1.0 Unarmed Combat
 + Level 9.9 Spellcasting
 + Level 6.9 Conjurations
 + Level 0.8 Transmutations
 + Level 9.0 Earth Magic
 + Level 1.4(0.0) Evocations


You had 7 spell levels left.
You knew the following spells:

 Your Spells              Type           Power      Damage    Failure   Level
a - Sandblast             Erth           74%        2d16      1%          1
b - Passwall              Tmut/Erth      19%        N/A       11%         2
c - Stone Arrow           Conj/Erth      66%        3d11      6%          3
d - Petrify               Tmut/Erth      23%        N/A       58%         4
e - Fulminant Prism       Conj/Hex       9%         3d7       80%         4
f - Iskenderun's Mystic   Conj/Tloc      18%        2d6       80%         4
g - Dispel Undead         Necr           7%         3d8       99%         4

Your spell library contained the following spells:

 Spells                   Type           Power      Damage    Failure   Level
 Kiss of Death            Conj/Necr      72%        2d10      14%         1
 Lee's Rapid Deconstruct  Erth           18%        3d11*     36%         5
 Lesser Beckoning         Tloc           14%        N/A       65%         2
 Confusing Touch          Hex            7%         N/A       86%         3
 Gell's Gravitas          Tloc           7%         N/A       86%         3
 Teleport Other           Tloc           7%         N/A       86%         3
 Vhi's Electric Charge    Tloc/Air       14%        N/A       86%         3
 Volatile Blastmotes      Fire/Tloc      14%        2d11      86%         3
 Arcjolt                  Conj/Air       9%         1d19      98%         5
 Maxwell's Capacitive Co  Air            3%         ∞         100%        8


Dungeon Overview and Level Annotations

Branches:
Dungeon (10/15)            Temple (1/1) D:5
   Lair: D:8-11         Orc: D:9-12

Altars:
Ashenzari
Cheibriados
Dithmenos
Fedhas
Gozag
Hepliaklqana
Kikubaaqudgha
Makhleb
Nemelex Xobeh
Okawaru
Qazlal
Ru
Sif Muna
Trog
Uskayaw
Vehumet
Wu Jian
Xom
Yredelemnul

Shops:
D:8 (

Annotations:
D:7 4 runed translucent doors
D:9 1 runed translucent door, exclusion: obsidian statue


Innate Abilities, Weirdness & Mutations

You sometimes emit foul miasma when damaged in melee.
You regenerate magic rapidly.
You are partially covered in razor-sharp scales. (AC +1, Slay +1)
You have a small tail.


Message History

The centaur warrior shoots an arrow.
The arrow hits you!
* * * LOW HITPOINT WARNING * * *
You have reached level 11!
You hit the centaur warrior but do no damage.
The centaur warrior unwields a +0 longbow.
The centaur warrior hits you but does no damage.
The centaur warrior kicks you but does no damage.
You barely miss the centaur warrior. You tail-slap the centaur warrior!
The centaur warrior is lightly wounded.
The centaur warrior hits you but does no damage.
The centaur warrior kicks you but does no damage.
The centaur warrior misses you. The centaur warrior barely misses you.
You sock the centaur warrior! You burn the centaur warrior.
The centaur warrior is moderately wounded.
The centaur warrior hits you but does no damage.
The centaur warrior kicks you but does no damage.
You thump the centaur warrior! You burn the centaur warrior.
The centaur warrior is heavily wounded.
The centaur warrior hits you but does no damage.
The centaur warrior kicks you but does no damage.
You sock the centaur warrior! You burn the centaur warrior.
The centaur warrior is almost dead.
The centaur warrior hits you!
* * * LOW HITPOINT WARNING * * *
You emit a cloud of foul miasma!
The centaur warrior kicks you but does no damage.
The centaur warrior is engulfed in dark miasma.
The centaur warrior is poisoned.
The centaur warrior hits you.
* * * LOW HITPOINT WARNING * * *
The centaur warrior kicks you but does no damage.
You bludgeon the centaur warrior!! You burn the centaur warrior.
You kill the centaur warrior!
Dithmenos accepts your kill.
Your life force feels restored.
The yak gores you!
* * * LOW HITPOINT WARNING * * *
Things that are here:
a +0 longbow; a yak corpse You barely miss the yak.
The yak gores you!
You die...

#... #..!..... #...
#.cY.....
##...###.Y.<.../
#......#........
#...............
#.......########
####.........# #
#............######...#
............YY@.....#
#............#####.##
#......<.........
#............####
#............#
#...######...# .(..
...... .. ........ .
...$..


You could see 2 yaks.

Vanquished Creatures
  A centaur warrior (D:10)
  A two-headed ogre (D:6)
  Pikel (D:5)
  A cyclops (D:8)
  Maurice (D:8)
  Psyche (D:9)
  2 trolls (D:9)
  2 wyverns
  9 yaks
  A steam dragon (D:7)
  An acid dragon (D:8)
  A water moccasin (D:8)
  3 orc warriors
  3 ice beasts
  A sky beast (D:8)
  4 centaurs
  3 lemures (D:5)
  3 kobold brigands
  3 gnoll sergeants
  Blork the orc (D:6)
  5 bullfrogs
  3 scorpions
  12 wights
  4 killer bees
  A howler monkey (D:8)
  3 hounds (D:6)
  4 orc priests
  Crazy Yiuf (D:2)
  A jelly (D:5)
  An iguana (D:5)
  2 orc wizards
  9 gnolls
  6 adders
  2 ufetubi (D:6)
  7 worms
  A dart slug (D:4)
  32 orcs
  5 ball pythons
  2 endoplasms
  2 giant cockroaches (D:2)
  12 goblins
  8 hobgoblins
  7 jackals
  A quokka (D:4)
  3 bats
  6 frilled lizards
  25 kobolds
  5 rats
213 creatures vanquished.

Notes
Turn   | Place    | Note
-------+----------+-------------------------------------------
     0 | D:1      | Ronove the Demonspawn Earth Elementalist began the quest
                  | for the Orb.
     0 | D:1      | Reached XP level 1. HP: 13/13 MP: 3/3
   599 | D:1      | Gained mutation: You may rarely emit foul miasma when
                  | damaged in melee. [demonic ancestry]
   599 | D:1      | Reached XP level 2. HP: 19/19 MP: 3/5
  1239 | D:2      | Gained mutation: You sometimes emit foul miasma when
                  | damaged in melee. [demonic ancestry]
  1239 | D:2      | Reached XP level 3. HP: 24/24 MP: 4/6
  1575 | D:2      | Found a faded altar of an unknown god.
  1645 | D:2      | Found a shimmering blue altar of Sif Muna.
  1717 | D:2      | Found a runed translucent door.
  1718 | D:2      | Noticed Crazy Yiuf
  2033 | D:3      | Learned a level 2 spell: Passwall
  2037 | D:3      | Learned a level 3 spell: Stone Arrow
  2086 | D:3      | Reached XP level 4. HP: 30/30 MP: 6/8
  2117 | D:3      | Identified the +5 ring mail "Usox" {rPois Will- Int+2}
  3357 | D:4      | Identified the +7 rapier of Valour {antimagic, Contam
                  | +Blink Fly rElec}
  3410 | D:4      | Found an opulent altar of Gozag.
  3504 | D:4      | Found a shimmering blue altar of Sif Muna.
  3508 | D:4      | Noticed an ogre
  3534 | D:5      | Entered Level 5 of the Dungeon
  3736 | D:5      | Gained mutation: You have a small tail. [demonic ancestry]
  3736 | D:5      | Reached XP level 5. HP: 35/35 MP: 4/10
  3789 | D:5      | Found a staircase to the Ecumenical Temple.
  3798 | D:5      | Noticed a lemure
  3799 | D:5      | Noticed a lemure
  3799 | D:5      | Noticed Pikel
  3801 | D:5      | Noticed a lemure
  3802 | D:5      | Noticed a lemure
  3852 | D:6      | Noticed an ice beast
  4023 | D:6      | Killed an ice beast
  4024 | D:6      | Gained mutation: You regenerate magic rapidly. [demonic
                  | ancestry]
  4024 | D:6      | Reached XP level 6. HP: 21/41 MP: 5/12
  4257 | D:6      | Noticed an ice beast
  4266 | D:6      | Learned a level 4 spell: Petrify
  4277 | D:6      | HP: 1/41 [ice beast (11)]
  4633 | D:6      | Reached skill level 5 in Earth Magic
  4747 | D:6      | Gained mutation: You are partially covered in razor-sharp
                  | scales. (AC +1, Slay +1) [demonic ancestry]
  4747 | D:6      | Reached XP level 7. HP: 35/47 MP: 10/14
  4826 | D:6      | Noticed Blork the orc
  4835 | D:6      | Killed Blork the orc
  4879 | D:6      | Reached skill level 5 in Spellcasting
  4974 | D:6      | Found a faded altar of an unknown god.
  4974 | D:6      | Found the Hermit's Pendant {Faith Invo=14 Evo=0 MP+5}
  4975 | D:6      | Noticed a two-headed ogre
  4993 | D:6      | Killed a two-headed ogre
  4994 | D:6      | Reached skill level 1 in Evocations
  4994 | D:6      | Reached XP level 8. HP: 14/53 MP: 3/17
  5249 | Temple   | Entered the Ecumenical Temple
  5496 | D:5      | Found a stormy altar of Qazlal.
  5903 | D:2      | Killed Crazy Yiuf
  6128 | D:5      | Killed Pikel
  7041 | D:6      | Reached XP level 9. HP: 58/58 MP: 16/19
  7243 | D:7      | Found a shadowy altar of Dithmenos.
  7262 | D:7      | Became a worshipper of Dithmenos the Shadowed
  7290 | D:7      | Reached skill level 1 in Fighting
  7290 | D:7      | Reached skill level 1 in Unarmed Combat
  7703 | D:7      | Found a shimmering altar of Xom.
  7704 | D:7      | Found a hazy altar of Hepliaklqana.
  7705 | D:7      | Noticed a spectral ugly thing
  7796 | D:7      | Found a large runed translucent door.
  7796 | D:7      | Found a large runed translucent door.
  7799 | D:7      | Noticed a boulder beetle
  7800 | D:7      | Noticed a cyclops
  7933 | D:7      | Found a large runed translucent door.
  7933 | D:7      | Found a large runed translucent door.
  8052 | D:7      | Found a burning altar of Makhleb.
  8105 | D:7      | Reached * piety under Dithmenos
  8449 | D:7      | Reached XP level 10. HP: 37/65 MP: 13/22
  8631 | D:7      | Reached skill level 5 in Conjurations
  9041 | D:8      | Noticed Maurice
  9052 | D:8      | Killed Maurice
  9269 | D:8      | Noticed a cyclops
  9488 | D:8      | Reached ** piety under Dithmenos
  9491 | D:8      | Found Quuf's Antique Weapon Shop.
  9672 | D:8      | Killed a cyclops
  9673 | D:8      | Reached skill level 1 in Short Blades
  9827 | D:8      | Identified the +9 flail of Poegivet {flame, *Rage rC+
                  | Str+3}
  9864 | D:8      | Learned a level 4 spell: Fulminant Prism
  9869 | D:8      | Learned a level 4 spell: Iskenderun's Mystic Blast
  9874 | D:8      | Learned a level 4 spell: Dispel Undead
  9895 | D:9      | Found a snail-covered altar of Cheibriados.
 10074 | D:9      | Noticed Psyche
 10079 | D:9      | Killed Psyche
 10163 | D:9      | Noticed an obsidian statue
 10332 | D:9      | Found an ancient bone altar of Kikubaaqudgha.
 10522 | D:9      | Found a blossoming altar of Fedhas.
 10687 | D:9      | Noticed a salamander
 10687 | D:9      | Noticed a death knight
 10687 | D:9      | Found the amulet of Vitality {RegenMP++ Regen++}
 10688 | D:9      | Found a runed translucent door.
 10690 | D:9      | Noticed a boulder beetle
 10690 | D:9      | Noticed a cyclops
 10690 | D:9      | Noticed an ogre mage
 10690 | D:9      | Noticed a boulder beetle
 10692 | D:9      | a salamander changed into a guardian serpent
 10692 | D:9      | Noticed a guardian serpent (shapeshifter)
 10850 | D:9      | Noticed an elephant
 10948 | D:9      | Noticed a steelbarb worm
 10980 | D:10     | Entered Level 10 of the Dungeon
 10987 | D:10     | Noticed a centaur warrior
 11003 | D:10     | Reached *** piety under Dithmenos
 11004 | D:10     | Reached XP level 11. HP: 26/71 MP: 24/24
 11009 | D:10     | Killed a centaur warrior
 11011 | D:10     | Slain by a yak

Illustrated notes

Levels and vault maps discovered:
D:1:      dpeg_arrival_ternary, layout_basic
D:2:      layout_rooms, basic_altar, hellmonk_ecumenical_altar_leap_of_faith,
          chequers_garden, uniq_crazy_yiuf_cottage
D:3:      cheibrodos_greedy_goblins, layout_basic, nicolae_wormholes
D:4:      layout_basic, grunt_temple_overflow_open, chequers_jeans,
          chequers_serial_rivers_marsh, columned_hall_lemuel,
          corexii_leaking_fountain, kennysheep_generic_room_8
D:5:      layout_basic, grunt_qazlal_clouds, minmay_temple_entry_trees,
          serial_rivers, chequers_serial_rivers_micro_b,
          chequers_serial_rivers_room_b, chequers_serial_rivers_micro_e,
          chequers_serial_rivers_large_b, uniq_pikel
D:6:      layout_loops_ring, minmay_misc_feat_roman,
          hellmonk_guarded_unrand_hermit, uniq_blork_the_orc
D:7:      layout_loops_ring, regret_index_temple_of_mockery,
          lightli_temple_of_fire, nicolae_dithmenos_shadow_blocks,
          minmay_hollow_rounded_squares
D:8:      layout_basic, serial_shops, shop, minmay_chambers_of_fives,
          uniq_maurice
D:9:      minmay_gate_of_8, layout_cave_pools, fedhas_altar_1,
          kiku_gazebo_pond_becter, mainiacjoe_overflow_alcove_1,
          minmay_protected_statue, uniq_psyche
D:10:     layout_basic, david_lair_shrubbed, hiddenorc2_lemuel,
          minmay_fractal_squares_gapless_5
Temple:   chequers_temple_sunken

Skill      XL: |  1  2  3  4  5  6  7  8  9 10 |
---------------+-------------------------------+-----
Stealth        | 2 3 4 |  4.6
Dodging        | 2 3 4 |  4.0
Earth Magic    | 3 4 5 6 7 8 9 |  9.0
Spellcasting   | 3 4 6 7 8 9 |  9.9
Evocations     | 1 |  1.4
Conjurations   | 2 4 6 |  6.9
Fighting       | 1 |  1.9
Unarmed Combat | 1 |  1.0
Short Blades   | 1 |  1.1
Maces & Flails | |  0.4
Armour         | |  0.8
Transmutations | |  0.8

Action                     |  1- 3 |  4- 6 |  7- 9 | 10-12 || total
---------------------------+-------+-------+-------+-------++-------
  Melee: Short sword       |    11 |       |       |       ||    11
         Dagger            |     2 |     6 |    16 |     7 ||    31
         Unarmed           |       |       |     5 |       ||     5
         Tailslap          |       |       |     3 |     2 ||     5
         Flail             |       |       |       |    12 ||    12
   Cast: Sandblast         |    53 |    88 |    21 |       ||   162
         Stone Arrow       |       |       |   122 |   120 ||   242
  Evoke: Wand              |       |       |     5 |     3 ||     8
    Use: Scroll            |       |     4 |     1 |     2 ||     7
         Potion            |       |     1 |     2 |     2 ||     5
   Stab: Sleeping          |     1 |     1 |     2 |     2 ||     6
 Armour: Robe              |    12 |    16 |    12 |    11 ||    51
         Scale mail        |       |       |       |    14 ||    14
  Dodge: Dodged            |    15 |    31 |    51 |    68 ||   165
